 Dungeon Crawl Stone Soup version 0.31-a0-344-gd109795599 (webtiles) character file.

Game seed: 1144991218591426732

351 AdnanSaban the Covered (level 6, -2/38 HPs)
             Began as a Gargoyle Fighter on July 22, 2023.
             Slain by a kobold
             ... wielding a +0 dagger
              (3 damage)
             ... in a sewer.
             The game lasted 00:03:46 (2850 turns).

AdnanSaban the Covered (Gargoyle Fighter)           Turns: 2850, Time: 00:03:46

Health: -2/38      AC: 15    Str: 21    XL:     6   Next: 61%
Magic:  6/6        EV: 10    Int:  9    God:
Gold:   115        SH:  4    Dex:  9    Spells: 5/5 levels left

rFire   . . .        a - +0 flail
rCold   . . .        c - +0 buckler
rNeg    + . .        b - +0 scale mail
rPois   ∞            (no helmet)
rElec   +            q - +0 cloak
rCorr   .            u - +1 pair of gloves
SInv    .            (no boots)
Will    .....        (no amulet) Stlth
                     (no ring)
HPRegen 0.26/turn    (no ring)
MPRegen 0.10/turn

%: no passive effects
@: no status effects
A: sickness immunity, AC +4, negative energy resistance 1, electricity
resistance, torment resistance 1, petrification resistance
a: no special abilities


You were in a sewer.
You visited 1 branch of the dungeon, and saw 3 of its levels.
You also visited: Sewer.

You collected 115 gold pieces.

Inventory:

Hand Weapons
 a - a +0 flail (weapon)
Missiles
 m - 2 boomerangs (quivered)
 r - 4 silver javelins
Armour
 b - a +0 scale mail (worn)
 c - a +0 buckler (worn)
 q - a +0 cloak (worn)
 u - a +1 pair of gloves (worn)
Jewellery
 n - a ring of fire
Scrolls
 g - 2 scrolls of torment {unknown}
 h - 2 scrolls of fear {unknown}
 j - 4 scrolls of identify {unknown}
 p - a scroll of teleportation {unknown}
Potions
 d - a potion of might
 e - 2 potions of heal wounds {unknown}
 f - 4 potions of curing {unknown}
 i - 2 potions of invisibility {unknown}
 k - 4 potions of mutation {unknown}
 l - a potion of berserk rage {unknown}
 o - a potion of ambrosia {unknown}
 s - a potion of lignification {unknown}
 t - 2 potions of cancellation {unknown}


   Skills:
 + Level 4.2 Fighting
 + Level 3.9 Maces & Flails
 + Level 5.0 Armour
 + Level 1.7 Dodging
 + Level 4.3 Shields


You had 5 spell levels left.
You didn't know any spells.
Your spell library contained the following spells:

 Spells                   Type           Power      Damage    Failure   Level
 Stone Arrow              Conj/Erth      0%         3d7       98%         3
 Animate Armour           Summ/Erth      0%         N/A       100%        4
 Lehudib's Crystal Spear  Conj/Erth      0%         10d2      100%        8


Dungeon Overview and Level Annotations

Branches:
Dungeon (3/15)              Sewer (1/1)

Altars:
Uskayaw

Annotations:
D:2 1 runed translucent door, Crazy Yiuf


Innate Abilities, Weirdness & Mutations

You are immune to sickness and miasma.
Your stone body is resilient. (AC +4)
You are immune to poison.
You resist negative energy. (rN+)
You are resistant to electric shocks. (rElec)
You are resistant to unholy torment.
You are immune to petrification.


Message History

The kobold hits you but does no damage. x2; The kobold completely misses you.
You block the kobold brigand's attack.
The kobold brigand hits you with a +0 dagger.
The kobold brigand barely misses you.
You hit the kobold.
You kill the kobold!
The kobold barely misses you. The kobold closely misses you.
The kobold brigand hits you but does no damage.
The kobold brigand splashes around in the water.
The kobold brigand hits you with a +0 dagger.
The kobold closely misses you. The kobold hits you with a +0 dagger.
The kobold brigand hits you but does no damage.
The kobold brigand hits you but does no damage.
You block the kobold's attack. The kobold brigand closely misses you.
Things that are here:
a +0 club; a kobold corpse The kobold brigand attacks as you move away!
The kobold brigand hits you with a +0 dagger!
* * * LOW HITPOINT WARNING * * *
The kobold brigand throws a poisoned dart.
The poisoned dart barely misses you.
The poisoned dart hits the fungus!
You block the kobold's attack.
Sorry, you're not good enough to have a special ability.
You barely miss the kobold brigand. You block the kobold brigand's attack.
The kobold misses you. You block the kobold brigand's attack.
The kobold hits you with a +0 dagger.
* * * LOW HITPOINT WARNING * * *
The kobold brigand hits you with a +0 dagger.
* * * LOW HITPOINT WARNING * * *
The kobold barely misses you.
The kobold brigand hits you but does no damage.
Things that are here:
a +0 club; a kobold corpse The kobold brigand attacks as you move away!
The kobold brigand hits you but does no damage.
The kobold misses you.
The kobold brigand attacks as you move away!
The kobold brigand barely misses you. The kobold attacks as you move away!
The kobold hits you with a +0 dagger.
You die...

#####~#~############÷~########'##
~~~~~~~~~~ ~~~~~~~~~~~~~~~~~~~~~≈
~≈≈≈≈≈~≈≈≈≈≈~≈≈≈≈≈~≈≈≈≈≈~≈≈≈≈≈~≈≈
~~~~~~~~~~~~~~~~~~~~~~~~~~~~~~~~≈
~~~~##########~~~################
~~~P~~~P...P~~~~~P~~....#...!#
~~~~~P~~..P~~..~~~~.....'..∩.#
~P~P..........KKK)......'.!..#
..............PK@K......#.)..#
...........P........P...# ####
.#............†........##
.#..........##....P....#
##..####...####..####### ####
##### ####


You could see 3 kobold brigands and 2 kobolds.

Vanquished Creatures
  2 kobold brigands (Sewer)
  Jessica (D:2)
  Terence (D:2)
  Natasha (twice) (D:2)
  4 adders (D:2)
  A river rat (D:3)
  A worm (D:3)
  2 dart slugs
  An orc (D:3)
  8 ball pythons
  7 bats
  6 endoplasms
  2 giant cockroaches (D:1)
  2 hobgoblins (D:1)
  16 kobolds
  4 quokkas
  4 frilled lizards
  A goblin (D:3)
  6 rats
71 creatures vanquished.

Notes
Turn   | Place    | Note
-------+----------+-------------------------------------------
     0 | D:1      | AdnanSaban the Gargoyle Fighter began the quest for the
                  | Orb.
     0 | D:1      | Reached XP level 1. HP: 14/14 MP: 1/1
   244 | D:1      | Reached XP level 2. HP: 15/19 MP: 2/2
   619 | D:2      | Noticed Natasha
   628 | D:2      | Killed Natasha
   629 | D:2      | Reached XP level 3. HP: 2/24 MP: 3/3
   724 | D:2      | Reached skill level 4 in Armour
   793 | D:2      | Reached XP level 4. HP: 23/29 MP: 4/4
   857 | D:2      | Noticed Jessica
   862 | D:2      | Killed Jessica
   865 | D:2      | Noticed Natasha
   886 | D:2      | Killed Natasha
   887 | D:2      | Reached XP level 5. HP: 12/33 MP: 5/5
  1109 | D:2      | Noticed Terence
  1126 | D:2      | Killed Terence
  1837 | D:2      | Found a runed translucent door.
  1838 | D:2      | Noticed Crazy Yiuf
  2087 | D:3      | Found a hide-covered altar of Uskayaw.
  2485 | D:3      | Found a glowing drain.
  2489 | Sewer    | Entered a sewer
  2658 | Sewer    | Noticed a kobold brigand
  2659 | Sewer    | Noticed a kobold brigand
  2670 | Sewer    | Killed a kobold brigand
  2671 | Sewer    | Reached skill level 1 in Dodging
  2671 | Sewer    | Reached XP level 6. HP: 17/38 MP: 6/6
  2807 | Sewer    | Reached skill level 5 in Armour
  2848 | Sewer    | HP: 1/38 [kobold brigand/+0 dagger (4)]
  2850 | Sewer    | Slain by a kobold

Illustrated notes

Levels and vault maps discovered:
D:1:      tarquinn_simple_flora_water_b, layout_loops_ring
D:2:      layout_basic, uniq_terence, uniq_natasha, uniq_jessica,
          uniq_crazy_yiuf_cottage
D:3:      layout_loops_corners, mainiacjoe_overflow_chevrons,
          gup_sewer_entry_bowl, uniq_sigmund
Sewer:    kennysheep_pipe_town

Skill      XL: |  1  2  3  4  5  6 |
---------------+-------------------+-----
Armour         | 4 5 |  5.0
Shields        | 4 |  4.3
Fighting       | 4 |  4.2
Maces & Flails | 3 |  3.9
Dodging        | 1 |  1.7

Action                     |  1- 3 |  4- 6 || total
---------------------------+-------+-------++-------
  Melee: Flail             |    67 |   223 ||   290
  Throw: Boomerang         |       |     3 ||     3
 Armour: Scale mail        |    47 |   147 ||   194
  Dodge: Dodged            |    26 |   147 ||   173
  Block: Buckler           |    14 |    67 ||    81

Table legend: (Time is in decaauts)
 A = Elapsed time spent in this place.
 B = Non-inter-level travel time spent in this place.
 C = Inter-level travel time spent in this place.
 D = Time resting spent in this place.
 E = Time spent auto-exploring this place.
 F = Levels seen in this place.
 G = Mean time per level.
                   A        B        C        D        E       F      G
               +--------+--------+--------+--------+--------+-----+--------+
         Total |   2960 |   2870 |     90 |      0 |   2237 |   4 |  740.0 |
       Dungeon |   2559 |   2469 |     90 |      0 |   2014 |   3 |  853.0 |
         Sewer |    400 |    400 |      0 |      0 |    223 |   1 |  400.0 |
               +--------+--------+--------+--------+--------+-----+--------+

Top non-repeatable levels by time:
     D:2: 1483 daAuts
     D:1: 585 daAuts
     D:3: 490 daAuts
   Sewer: 400 daAuts
